 Dungeon Crawl Stone Soup version 0.22.1-1-ga44c0e56f4 (webtiles) character file.

96 Ihlosi the Skirmisher (level 4, -3/52 HPs)
             Began as an Ogre Fighter on Oct 29, 2018.
             Slain by Grinder (11 damage)
             ... on level 3 of the Dungeon.
             The game lasted 00:06:00 (2866 turns).

Ihlosi the Skirmisher (Ogre Fighter)                Turns: 2866, Time: 00:06:01

Health: -3/52      AC:  3    Str: 20    XL:     4   Next: 67%
Magic:  4/4        EV:  8    Int:  9    God:
Gold:   115        SH:  8    Dex:  9    Spells: 3/3 levels left

rFire    . . .     SeeInvis .   a - +0 flail
rCold    . . .     Gourm    .   c - +0 shield
rNeg     . . .     Faith    .   b - +0 robe
rPois    .         Spirit   .   (helmet restricted)
rElec    .         Reflect  .   (no cloak)
rCorr    .         Harm     .   (gloves unavailable)
MR       .....                  (boots unavailable)
Stlth    +.........             (no amulet)
HPRegen  0.17/turn              (no ring)
MPRegen  0.09/turn              (no ring)

@: drained
A: large, unfitting armour, tough skin 1
a: no special abilities


You were on level 3 of the Dungeon.
You were hungry.

You visited 1 branch of the dungeon, and saw 3 of its levels.

You collected 115 gold pieces.

Inventory:

Hand Weapons
 a - a +0 flail (weapon)
Armour
 b - a +0 robe (worn)
 c - a +0 shield (worn)
Scrolls
 g - 3 scrolls of identify
 k - a scroll of enchant weapon {unknown}
 m - a scroll of teleportation {unknown}
 o - a scroll of enchant armour {unknown}
Potions
 e - a potion of haste {unknown}
 h - 2 potions of curing
 i - a potion of ambrosia {unknown}
 l - 2 potions of invisibility {unknown}
 n - a potion of agility {unknown}
Comestibles
 d - 2 chunks of flesh
 f - 3 rations


   Skills:
 + Level 6.0(5.5) Fighting
 - Level 3.0(2.5) Maces & Flails
 - Level 2.6(2.2) Dodging
 - Level 2.6(2.2) Shields


You had 3 spell levels left.
You didn't know any spells.
Your spell library was empty.

Dungeon Overview and Level Annotations

Branches:
Dungeon (3/15)

Altars:
Ashenzari

Annotations:
D:2 Crazy Yiuf
D:3 Grinder


Innate Abilities, Weirdness & Mutations

You are too large for most types of armour.
You have tough skin. (AC +1)


Message History

Grinder is severely wounded.
Grinder closely misses you.
You closely miss Grinder.
Grinder is severely wounded.
Grinder hits you!
* * * LOW HITPOINT WARNING * * *
You writhe in agony.
* * * LOW HITPOINT WARNING * * *
Grinder barely misses you.
It was a potion of curing.
You feel better.
You are feeling hungry.
Grinder says, "DUCK!"
Grinder hits you!
* * * LOW HITPOINT WARNING * * *
You writhe in agony.
* * * LOW HITPOINT WARNING * * *
You barely miss Grinder.
Grinder is severely wounded.
Grinder hits you!
You die...

#.# #..#.#.#.# #.#
#.##.#.#.# #.#
#.##...#.###
######.###.######'#.##
....<..##......##.##.#
.####### ..##.§.#...##
..##..#†#..#
..##..##.#.#
......5@.#.#
..##..####.# #. #...
... .. ...## ... .
.... .... ..##. .


You could see Grinder.

Vanquished Creatures
  2 adders (D:3)
  2 oozes
  2 dart slugs (D:1)
  2 leopard geckos (D:2)
  An orc (D:3)
  3 giant cockroaches
  7 goblins
  5 hobgoblins
  6 jackals (D:2)
  2 quokkas (D:2)
  2 ball pythons
  11 bats
  5 frilled lizards
  7 kobolds
  5 rats
62 creatures vanquished.

Notes
Turn   | Place    | Note
-------+----------+-------------------------------------------
     0 | D:1      | Ihlosi the Ogre Fighter began the quest for the Orb.
     0 | D:1      | Reached XP level 1. HP: 24/24 MP: 1/1
    39 | D:1      | Reached XP level 2. HP: 33/33 MP: 2/2
   618 | D:1      | Reached XP level 3. HP: 34/41 MP: 3/3
   884 | D:1      | Reached skill level 5 in Fighting
  1089 | D:2      | Found a runed door.
  1397 | D:2      | Reached XP level 4. HP: 49/50 MP: 4/4
  1874 | D:2      | Found a shattered altar of Ashenzari.
  1937 | D:2      | Noticed Crazy Yiuf
  1945 | D:2      | HP: 2/50 [Crazy Yiuf/quarterstaff of chaos (6)]
  2707 | D:3      | Reached skill level 6 in Fighting
  2847 | D:3      | Noticed Grinder
  2856 | D:3      | Paralysed by Grinder for 2 turns
  2866 | D:3      | Slain by Grinder

Skill      XL: |  1  2  3  4 |
---------------+-------------+-----
Maces & Flails | 2 3 |  3.0
Fighting       | 5 6 |  6.0
Dodging        | |  2.6
Shields        | |  2.6

Action                   |  1- 3 |  4- 6 || total
-------------------------+-------+-------++-------
Melee: Flail             |   112 |    84 ||   196
  Use: Scroll            |       |     2 ||     2
       Potion            |       |     2 ||     2
 Stab: Sleeping          |     1 |       ||     1
  Eat: Chunk             |     2 |     4 ||     6
Armor: Robe              |    33 |    26 ||    59
Dodge: Dodged            |    41 |    36 ||    77
Block: Shield            |    43 |    37 ||    80
